 Dungeon Sprint DCSS version 0.21.0-24-g2553a33 (webtiles) character file.

225 letownia2 the Grappler (level 5, -2/49 HPs)
             Began as a Troll Wizard on Jan 21, 2018.
             Was an Initiate of Gozag.
             Slain by a wraith (20 damage)
             ... in the Dungeon (Sprint VII: "The Pits").
             The game lasted 00:02:09 (303 turns).

letownia2 the Grappler (Troll Wizard)                Turns: 303, Time: 00:02:09

Health: -2/49      AC:  5    Str: 15    XL:     5   Next: 68%
Magic:  3/8        EV:  9    Int: 15    God:    Gozag
Gold:   954        SH:  0    Dex:  8    Spells: 2/9 levels left

rFire    . . .     SeeInvis .     - Unarmed
rCold    . . .     Gourm    +   (no shield)
rNeg     . . .     Faith    .   a - +0 robe
rPois    .         Spirit   .   b - +0 hat
rElec    .         Reflect  .   (no cloak)
rCorr    .         Harm     .   (gloves unavailable)
MR       .....     NoTele   +   (boots unavailable)
Stlth    +.........             (no amulet)
HPRegen  0.56/turn              (no ring)
MPRegen  0.11/turn              (no ring)

@: sleeping, very slightly contaminated
A: large, unfitting armour, claws 3, fast metabolism 3, gourmand, regeneration
1, shaggy fur 1, tough skin 2
a: Potion Petition, Call Merchant, Bribe Branch, Renounce Religion


You were in the Dungeon.
You worshipped Gozag.
Gozag was pleased with you.
You were not hungry.

You visited 1 branch You collected 954 gold pieces.

Inventory:

Armour
 a - a +0 robe (worn)
 b - a +0 hat (worn)
Magical Staves
 l - an uncursed staff of energy
Scrolls
 j - a scroll of blinking
 m - 3 scrolls of remove curse
 n - 5 scrolls of amnesia
 o - a scroll of summoning
Potions
 e - 6 potions of curing
 f - 6 potions of heal wounds
 g - a potion of haste
 h - 4 potions of magic
 i - 3 potions of berserk rage
 k - 2 potions of invisibility
Books
 c - a book of Minor Magic

   Spells                             Type                      Level
   a - Magic Dart                     Conjuration                  1
   b - Blink                          Translocation                2
   c - Call Imp                       Summoning                    2
   d - Slow                           Hexes                        2
   e - Conjure Flame                  Conjuration/Fire             3
   f - Mephitic Cloud                 Conjuration/Poison/Air       3
Comestibles
 d - 10 rations


   Skills:
 - Level 2.2 Fighting
 - Level 1.5 Dodging
 - Level 1.0 Stealth
 - Level 8.7 Unarmed Combat
 + Level 2.8 Spellcasting
 + Level 2.5 Conjurations
   Level 0.6 Summonings
   Level 0.6 Translocations
 + Level 2.1 Fire Magic
 + Level 1.9 Air Magic
 + Level 2.1 Poison Magic


You had 2 spell levels left.
You knew the following spells:

 Your Spells              Type           Power        Failure   Level  Hunger
a - Magic Dart            Conj           #...         8%          1    #......
c - Conjure Flame         Conj/Fire      #.......     24%         3    ###....
e - Mephitic Cloud        Conj/Pois/Air  #.......     26%         3    ###....


Dungeon Overview and Level Annotations

Branches:
Dungeon (1/1)

Altars:
Ashenzari
Cheibriados
Dithmenos
Elyvilon
Fedhas
Gozag
Hepliaklqana
Kikubaaqudgha
Makhleb
Nemelex Xobeh
Okawaru
Qazlal
Ru
Sif Muna
Trog
Uskayaw
Vehumet
Wu Jian
Xom
Yredelemnul
Zin
The Shining One
Beogh
Jiyva
Lugonu

Annotations:
D exclusion: killer bee


Innate Abilities, Weirdness & Mutations

You are too large for most types of armour.
You have claws for hands.
Your metabolism is lightning-fast.
You like to eat raw meat.
Your natural rate of healing is unusually fast.
You are covered in fur. (AC +1)
You have very tough skin. (AC +2)


Message History

The dream sheep shake their wool and sparkle.
You feel drowsy...
You fall asleep.
The dream sheep bites you!
You wake up.
* * * LOW HITPOINT WARNING * * *
Unknown command.
Unknown command.
Things that are here:
a shortbow; 27 arrows Unknown command.
Unknown command.
Unknown command.
The dream sheep ruffle their wool and motes of dream dust sparkle, to no effect.
Unknown command.
The dream sheep ruffle their wool and motes of dream dust sparkle, to no effect.
The dream sheep shake their wool and sparkle.
You feel drowsy...
You fall asleep.
The wraith closely misses you. The wraith hits you!!
You die...
Your body crumbles into a pile of gold.

#.#))#####'#####'##
#.#))#.....##......
#.#))#.....##......
#.#[[###'####......
#)##'#.....##...<..
#.#........##......
#.#........##......
#'###########......
#.@.....# #######
#.W###..# ####
#.......# ....#
##Y###.##+#....#
#nYY....#.'YY..+
#.Y###YY#'#
#...)n..'Y#
###########


You could see a wraith, a necrophage and 4 dream sheep.

Vanquished Creatures
  A floating eye (D)
  A centaur (D)
  An iguana (D)
  A gnoll (D)
  2 leopard geckos (D)
  A bat zombie (D)
  A giant cockroach (D)
  2 goblins (D)
  2 bats (D)
  A bat simulacrum (D)
  A frilled lizard (D)
  3 kobolds (D)
17 creatures vanquished.

Notes
Turn   | Place    | Note
-------+----------+-------------------------------------------
     0 | D        | letownia2 the Troll Wizard began the quest for the Orb.
     0 | D        | Reached XP level 1. HP: 16/16 MP: 2/2
    10 | D        | Noticed a swamp drake
    10 | D        | Noticed a killer bee
    10 | D        | Noticed a killer bee
    11 | D        | Noticed a killer bee
    20 | D        | Noticed a floating eye
    26 | D        | Killed a floating eye
    26 | D        | Reached skill level 8 in Unarmed Combat
    26 | D        | Reached XP level 2. HP: 24/24 MP: 4/4
    26 | D        | Reached XP level 3. HP: 31/31 MP: 5/5
    26 | D        | Reached XP level 4. HP: 39/39 MP: 6/6
    31 | D        | Learned a level 3 spell: Mephitic Cloud
    35 | D        | Learned a level 3 spell: Conjure Flame
    60 | D        | Found a glowing golden altar of the Shining One.
    60 | D        | Found a glowing silver altar of Zin.
    60 | D        | Found a basalt altar of Yredelemnul.
    60 | D        | Found a shimmering altar of Xom.
    60 | D        | Found an ornate altar of the Wu Jian Council.
    60 | D        | Found a bloodstained altar of Trog.
    60 | D        | Found a deep blue altar of Sif Muna.
    60 | D        | Found a sacrificial altar of Ru.
    60 | D        | Found a stormy altar of Qazlal.
    60 | D        | Found an iron altar of Okawaru.
    60 | D        | Found a sparkling altar of Nemelex Xobeh.
    60 | D        | Found a burning altar of Makhleb.
    60 | D        | Found a viscous altar of Jiyva.
    60 | D        | Found a hazy altar of Hepliaklqana.
    60 | D        | Found an opulent altar of Gozag.
    60 | D        | Found a blossoming altar of Fedhas.
    60 | D        | Found a white marble altar of Elyvilon.
    60 | D        | Found a shadowy altar of Dithmenos.
    60 | D        | Found a snail-covered altar of Cheibriados.
    61 | D        | Found a radiant altar of Vehumet.
    61 | D        | Found a corrupted altar of Lugonu.
    61 | D        | Found a roughly hewn altar of Beogh.
    62 | D        | Found an ancient bone altar of Kikubaaqudgha.
    62 | D        | Found a hide-covered altar of Uskayaw.
    62 | D        | Found a shattered altar of Ashenzari.
    64 | D        | Became a worshipper of Gozag Ym Sagoz the Greedy
   159 | D        | Reached skill level 1 in Conjurations
   170 | D        | Reached skill level 1 in Fighting
   170 | D        | Reached skill level 1 in Fire Magic
   170 | D        | Reached skill level 1 in Poison Magic
   185 | D        | Reached skill level 1 in Air Magic
   185 | D        | Reached XP level 5. HP: 36/48 MP: 7/7
   223 | D        | Noticed a centaur
   231 | D        | Killed a centaur
   283 | D        | Noticed a necrophage
   283 | D        | Noticed a dream sheep
   283 | D        | Noticed a dream sheep
   283 | D        | Noticed a dream sheep
   283 | D        | Noticed a dream sheep
   283 | D        | Noticed a dream sheep
   285 | D        | Noticed a dream sheep
   285 | D        | Noticed a wraith
   303 | D        | Slain by a wraith

Skill      XL: |  1  2  3  4  5 |
---------------+----------------+-----
Unarmed Combat | 8 |  8.7
Conjurations   | 1 2 |  2.5
Fighting       | 1 2 |  2.2
Fire Magic     | 1 2 |  2.1
Poison Magic   | 1 2 |  2.1
Air Magic      | 1 |  1.9
Dodging        | |  1.5
Stealth        | |  1.0
Spellcasting   | |  2.8
Summonings     | |  0.6
Translocations | |  0.6

Action                   |  1- 3 |  4- 6 || total
-------------------------+-------+-------++-------
Melee: Unarmed           |     4 |    41 ||    45
 Stab: Sleeping          |     1 |     1 ||     2
Armor: Robe              |       |    11 ||    11
Dodge: Dodged            |       |    19 ||    19
